 Dungeon Crawl Stone Soup version 0.31-a0-7-g51783674b7 (webtiles) character file.

Game seed: 5315751356284778901

5892 wilfster70 the Thaumaturge (level 11, -5/76 HPs)
             Began as a Djinni Conjurer on Jan 23, 2023.
             Was a Believer of Makhleb.
             Shot with an arrow by a centaur (13 damage)
             ... on level 10 of the Dungeon on May 5, 2023.
             The game lasted 00:28:44 (10146 turns).

wilfster70 the Thaumaturge (Djinni Conjurer)       Turns: 10146, Time: 00:28:45

Health: -5/76      AC: 10    Str:  6    XL:     11   Next: 8%
Gold:   526        EV: 14    Int: 24    God:    Makhleb [**....] SH:  0 Dex: 12

rFire   + + +        a - +4 flail (freeze)
rCold   x . .        (no shield)
rNeg    . . .        v - +0 steam dragon scales
rPois   ∞            t - +1 helmet
rElec   .            l - +2 cloak
rCorr   .            (no gloves)
SInv    .            (boots unavailable)
Will    +....        (no amulet)
Stlth   ++           m - ring of protection from fire
HPRegen 0.32/turn    (no ring)
MPRegen 0.00/turn

%: infuse magic (-6 HP)
@: flying
A: sickness immunity, fire resistance 2, cold vulnerability 1, float, innate
caster, HP casting, extra vitality 1
a: Renounce Religion, Minor Destruction


You were on level 10 of the Dungeon.
You worshipped Makhleb.
Makhleb was pleased with you.
You visited 2 branches of the dungeon, and saw 11 of its levels.

You collected 526 gold pieces.

Inventory:

Hand Weapons
 a - a +4 flail of freezing (weapon)
Missiles
 s - 2 throwing nets
Armour
 l - a +2 cloak (worn)
 t - a +1 helmet (worn)
 v - +0 steam dragon scales (worn)
Jewellery
 m - a ring of protection from fire (left hand)
Wands
 g - a wand of charming (15)
 n - a wand of acid (7)
 r - a wand of mindburst (8)
Scrolls
 f - 2 scrolls of fear
 i - 3 scrolls of teleportation
 k - 3 scrolls of enchant armour
 q - a scroll of magic mapping
 u - a scroll of enchant weapon {unknown}
Potions
 b - a potion of magic
 c - a potion of berserk rage
 d - a potion of brilliance {unknown}
 e - a potion of haste {unknown}
 h - a potion of curing
 j - 3 potions of might {unknown}
 o - a potion of lignification {unknown}
 p - a potion of mutation {unknown}
 w - a potion of ambrosia {unknown}


   Skills:
 - Level 6.0 Fighting
 - Level 6.0 Maces & Flails
 - Level 6.0 Dodging
 - Level 1.5 Stealth
 + Level 9.7 Spellcasting


You knew the following spells:

 Your Spells              Type           Power      Damage    Failure   Level
a - Magic Dart            Conj           100%       1d8       1%          1
b - Searing Ray           Conj           100%       2d8       1%          2
c - Dazzling Flash        Conj/Hex       100%       N/A       1%          3
d - Fulminant Prism       Conj/Hex       27%        3d13      1%          4
e - Iskenderun's Mystic   Conj/Tloc      55%        2d12      1%          4
f - Sting                 Tmut/Pois      100%       1d8       1%          1
g - Passwall              Tmut/Erth      45%        N/A       1%          2
h - Volatile Blastmotes   Fire/Tloc      100%       2d18      1%          3
i - Vhi's Electric Charg  Tloc/Air       100%       N/A       1%          3
j - Animate Armour        Summ/Erth      100%       N/A       1%          4
Your spell library was empty.

Dungeon Overview and Level Annotations

Branches:
Dungeon (10/15)            Temple (1/1) D:6
   Lair: D:8-11         Orc: D:9-12

Altars:
Ashenzari
Cheibriados
Dithmenos
Elyvilon
Fedhas
Gozag
Makhleb
Nemelex Xobeh
Okawaru
Qazlal
Ru
Uskayaw
Wu Jian
Xom
Yredelemnul
Zin
The Shining One

Shops:
D:1 (


Innate Abilities, Weirdness & Mutations

You are immune to sickness and miasma.
You are immune to poison.
Your flesh is very heat resistant. (rF++)
You are vulnerable to cold. (rC-)
You float through the air rather than walking.
You learn spells naturally, not from books.
Your magical power is your life essence.
You have superior vitality. (+4 MHP)


Message History

Something hits you. Something hits you but does no damage.
Something hits you! x2
Something hits you! Something closely misses you.
You swing at nothing.
You hit something but do no damage. Something hits you.
* * * LOW HITPOINT WARNING * * *
You swing at nothing.
Something hits you.
* * * LOW HITPOINT WARNING * * *
Something hits you!
* * * LOW HITPOINT WARNING * * *
You swing at nothing.
Something barely misses you. Something hits you but does no damage.
You feel better. Something hits you but does no damage.
As you read the scroll of teleportation, it crumbles to dust.
You feel strangely unstable. Something hits you.
* * * LOW HITPOINT WARNING * * *
Your surroundings suddenly seem different.
A yak comes into view.
The yak bellows!
You hear a bellow!
An acid dragon and 3 yaks come into view.
The acid dragon roars!
The yak bellows!
The acid dragon moves out of view.
A yak comes into view.
The yak bellows! x3
A troll comes into view.
Found a scale mail.
The troll shouts!
You hear a shout!
The acid dragon spits acid at you. The splash of acid misses you.
A wraith comes into view.
Found a stone staircase leading down.
The troll bites you!
* * * LOW HITPOINT WARNING * * *
The troll claws you but does no damage. The troll claws you.
* * * LOW HITPOINT WARNING * * *
A centaur comes into view.
Found a bone ring and a leather armour.
The centaur wields a +0 shortbow.
The centaur shoots an arrow.
The arrow hits you!
You die...

#.Y.Y..# #....D.#
#.....#.#
##..YW#.#.#
#.....##.#..
#....#.##....
##...#.#......
##....##.......
#.@#T#......[..
#......##..........
....... ........###
######..........#
....#..#..## c...
#....# .[= ..>..
...


You could see a yak, a wraith, an acid dragon and a centaur.

Vanquished Creatures
  A two-headed ogre (D:9)
  Psyche (D:8)
  A troll (D:9)
  A wyvern (D:7)
  9 yaks
  2 steam dragons (D:8)
  A water moccasin (D:8)
  A black bear (D:4)
  2 hornet zombies (D:7)
  3 centaurs
  2 kobold brigands
  A gnoll sergeant (D:9)
  2 bullfrogs
  5 scorpions
  17 wights
  4 howler monkeys (D:9)
  2 jellies
  2 bullfrog zombies (D:7)
  3 hounds
  3 centaur zombies (D:7)
  An orc priest (D:8)
  3 iguanas
  4 orc wizards
  2 killer bee zombies (D:7)
  A howler monkey zombie (D:7)
  8 adders
  7 gnolls
  A shadow imp (D:8)
  A white imp (D:5)
  4 ufetubi
  A worm (D:3)
  A dart slug (D:3)
  15 orcs
  5 endoplasms
  6 giant cockroaches
  6 goblins
  7 hobgoblins
  9 jackals
  13 kobolds
  4 quokkas
  4 ball pythons
  3 bats
  4 frilled lizards
  4 rats
177 creatures vanquished.

Vanquished Creatures (others)
  4 withered plants (D:7)
4 creatures vanquished.

Grand Total: 181 creatures vanquished

Notes
Turn   | Place    | Note
-------+----------+-------------------------------------------
     0 | D:1      | wilfster70 the Djinni Conjurer began the quest for the Orb.
     0 | D:1      | wilfster70 set off with the following spells memorised:
                  | Magic Dart, Searing Ray, Dazzling Flash, Fulminant Prism,
                  | Iskenderun's Mystic Blast.
     0 | D:1      | Reached XP level 1. HP: 15/15 MP: 0/0
   188 | D:1      | Reached XP level 2. HP: 18/21 MP: 0/0
   483 | D:1      | Found Kaecluit's Weapon Emporium.
   732 | D:2      | Reached XP level 3. HP: 24/25 MP: 0/0
   732 | D:2      | Learned a level 1 spell: Sting
  1199 | D:2      | Reached skill level 4 in Spellcasting
  1469 | D:3      | Reached XP level 4. HP: 25/31 MP: 0/0
  1687 | D:3      | Found a sparkling altar of Nemelex Xobeh.
  2109 | D:4      | Reached XP level 5. HP: 29/35 MP: 0/0
  2109 | D:4      | Learned a level 2 spell: Passwall
  2257 | D:4      | Reached skill level 5 in Spellcasting
  2555 | D:4      | Noticed a black bear
  2560 | D:4      | Killed a black bear
  2561 | D:4      | Reached XP level 6. HP: 34/40 MP: 0/0
  2720 | D:5      | Entered Level 5 of the Dungeon
  2839 | D:5      | Reached skill level 6 in Spellcasting
  3032 | D:5      | Reached skill level 1 in Fighting
  3032 | D:5      | Reached XP level 7. HP: 21/48 MP: 0/0
  3032 | D:5      | Learned a level 3 spell: Volatile Blastmotes
  3813 | D:6      | Found a white marble altar of Elyvilon.
  3813 | D:6      | Found a glowing golden altar of the Shining One.
  3944 | D:6      | Reached XP level 8. HP: 48/58 MP: 0/0
  4043 | D:6      | Reached skill level 5 in Fighting
  4613 | D:6      | Found a staircase to the Ecumenical Temple.
  4623 | Temple   | Entered the Ecumenical Temple
  4681 | D:6      | Found a burning altar of Makhleb.
  4681 | D:6      | Noticed a green death
  4684 | D:6      | Noticed a ynoxinul
  4684 | D:6      | Noticed a smoke demon
  4686 | D:6      | Became a worshipper of Makhleb the Destroyer
  5416 | D:7      | Reached skill level 5 in Dodging
  5759 | D:7      | Reached XP level 9. HP: 60/66 MP: 0/0
  5759 | D:7      | Learned a level 3 spell: Vhi's Electric Charge
  5795 | D:7      | Reached skill level 1 in Maces & Flails
  6806 | D:7      | Reached * piety under Makhleb
  6862 | D:7      | Reached skill level 5 in Maces & Flails
  7079 | D:8      | Found a large runed translucent door.
  7080 | D:8      | Found a large runed translucent door.
  7128 | D:8      | Upgraded the game from 0.30-a0-715-gdb4ae3ece1 to
                  | 0.30-a0-737-gf23d94013f
  7128 | D:8      | Upgraded the game from 0.30-a0-737-gf23d94013f to
                  | 0.30-a0-989-g0d87f670db
  7248 | D:8      | Noticed Psyche
  7992 | D:8      | Killed Psyche
  7993 | D:8      | Reached XP level 10. HP: 49/72 MP: 0/0
  8186 | D:8      | Found a sacrificial altar of Ru.
  8195 | D:8      | Reached skill level 7 in Spellcasting
  8249 | D:8      | Found a shimmering altar of Xom.
  8256 | D:8      | Upgraded the game from 0.30-a0-989-g0d87f670db to
                  | 0.30-a0-1016-gfb0d676c02
  8518 | D:8      | Reached skill level 8 in Spellcasting
  8580 | D:8      | Upgraded the game from 0.30-a0-1016-gfb0d676c02 to
                  | 0.31-a0-7-g51783674b7
  8776 | D:9      | Found a hide-covered altar of Uskayaw.
  8890 | D:9      | Found a blossoming altar of Fedhas.
  9305 | D:9      | Noticed a two-headed ogre
  9318 | D:9      | Reached ** piety under Makhleb
  9386 | D:9      | Killed a two-headed ogre
  9387 | D:9      | Reached skill level 9 in Spellcasting
  9387 | D:9      | Reached XP level 11. HP: 65/76 MP: 0/0
  9387 | D:9      | Learned a level 4 spell: Animate Armour
 10034 | D:10     | Entered Level 10 of the Dungeon
 10146 | D:10     | Shot with an arrow by a centaur

Illustrated notes

Levels and vault maps discovered:
D:1:      nzn_arrival_water_spiral, layout_loops_ring, serial_shops, shop
D:2:      layout_basic, serial_corexii_hall, corexii_hall_statues_i,
          chequers_hall_statues_y, corexii_hall_statues_l,
          corexii_hall_statues_s, minmay_pentomino_p4
D:3:      layout_rooms, general_overflow_altar
D:4:      layout_cave_pools
D:5:      layout_basic, serial_park_tiny_1
D:6:      layout_cave_pods, grunt_temple_overflow_open,
          makhleb_altar_promises_db, minmay_temple_entry_purple_smoke
D:7:      layout_cave_pods, serial_undead, serial_undead_f, serial_undead_d,
          serial_undead_c, serial_undead_e, serial_undead_b, serial_undead_a,
          serial_undead_d
D:8:      layout_basic, jmf_multi_god_temple2, uniq_psyche
D:9:      layout_basic, nicolae_uskayaw_dance_studio, fedhas_altar_2
D:10:     layout_basic, overflow_temple_1_default, mainiacjoe_overflow_brackets,
          minmay_misc_feat_secret_circle, nicolae_titane
Temple:   nicolae_temple_ecumenical_triangle

Skill      XL: |  1  2  3  4  5  6  7  8  9 10 |
---------------+-------------------------------+-----
Spellcasting   | 4 5 6 9 |  9.7
Fighting       | 1 4 6 |  6.0
Dodging        | 6 |  6.0
Maces & Flails | 6 |  6.0
Stealth        | |  1.5

Action                     |  1- 3 |  4- 6 |  7- 9 | 10-12 || total
---------------------------+-------+-------+-------+-------++-------
  Melee: Mace              |       |       |    71 |    32 ||   103
         Flail             |       |       |       |     3 ||     3
  Throw: Dart              |       |       |     2 |       ||     2
   Cast: Magic Dart        |    48 |    51 |    40 |     7 ||   146
         Searing Ray       |     5 |    25 |    65 |    22 ||   117
         Iskenderun's Myst |       |       |    23 |    17 ||    40
    Use: Scroll            |       |     6 |     9 |     1 ||    16
         Potion            |       |       |     2 |     1 ||     3
 Armour: Robe              |     1 |    17 |    60 |       ||    78
         Steam dragon scal |       |       |     4 |    41 ||    45
  Dodge: Dodged            |     4 |    52 |   165 |    65 ||   286

Table legend: (Time is in decaauts)
 A = Elapsed time spent in this place.
 B = Non-inter-level travel time spent in this place.
 C = Inter-level travel time spent in this place.
 D = Time resting spent in this place.
 E = Time spent auto-exploring this place.
 F = Levels seen in this place.
 G = Mean time per level.
                   A        B        C        D        E       F      G
               +--------+--------+--------+--------+--------+-----+--------+
         Total |  10147 |   9714 |    433 |   2450 |   4393 |  11 |  922.5 |
       Dungeon |  10112 |   9688 |    424 |   2450 |   4393 |  10 | 1011.2 |
        Temple |     34 |     25 |      9 |      0 |      0 |   1 |   34.0 |
               +--------+--------+--------+--------+--------+-----+--------+

Top non-repeatable levels by time:
     D:7: 2064 daAuts
     D:9: 1478 daAuts
     D:8: 1436 daAuts
     D:6: 1206 daAuts
     D:5: 996 daAuts
     D:2: 739 daAuts
     D:4: 722 daAuts
     D:1: 702 daAuts
     D:3: 653 daAuts
    D:10: 112 daAuts
  Temple: 34 daAuts
